 Dungeon Crawl Stone Soup version 0.31-a0-986-g5e6e4ef867 (webtiles) character file.

Game seed: 7475638186081541770

933 LeprechaunX the Changeling (level 8, -5/72 HPs)
             Began as an Octopode Shapeshifter on Nov 20, 2023.
             Was a Believer of Hepliaklqana.
             Slain by Duvessa
             ... wielding a +0 short sword
              (12 damage)
             ... on level 5 of the Dungeon.
             The game lasted 00:06:12 (4001 turns).

LeprechaunX the Changeling (Octopode Shapeshifter)  Turns: 4001, Time: 00:06:12

Health: -5/72      AC: 31    Str: 13    XL:     8   Next: 11%
Magic:  8/8        EV:  2    Int: 13    God:    Hepliaklqana [**....]
Gold:   266        SH:  0    Dex: 13    Spells: 7/7 levels left

rFire   . . .        b - +2 dagger (protect)
rCold   + . .        (no shield)
rNeg    . . .        (helmet currently unavailable)
rPois   +            (no amulet)
rElec   .            u - ring of protection from cold
rCorr   .            (no ring)
SInv    .            (no ring)
Will    .....        (no ring)
Stlth   +            (no ring)
HPRegen 0.32/turn    (no ring)
MPRegen 0.11/turn    (no ring)
                     (no ring)

%: no passive effects
@: tree-form (expiring), under a protective aura
A: stationary, stasis, torment immunity, boosted hp, reduced essence, almost no
armour, (amphibious), 8 rings, (camouflage 1), (gelatinous body 1), (nimble
swimmer 1), (tentacles)
a: Renounce Religion, Recall Ancestor, Ancestor Identity


You were on level 5 of the Dungeon.
You worshipped Hepliaklqana.
Hepliaklqana was pleased with you.
You were a tree.
You visited 1 branch of the dungeon, and saw 5 of its levels.

You collected 266 gold pieces.

Inventory:

Hand Weapons
 a - a +0 sling
 b - a +2 dagger of protection (weapon)
Armour
 w - a +1 hat
Jewellery
 p - an amulet of faith
 r - a ring of ice
 u - a ring of protection from cold (left branch)
Talismans
 c - a flux talisman
 f - a beast talisman
Wands
 y - a wand of flame (21)
Scrolls
 d - 2 scrolls of vulnerability {unknown}
 h - a scroll of blinking {unknown}
 j - 2 scrolls of enchant weapon {unknown}
 k - 3 scrolls of teleportation {unknown}
 l - 2 scrolls of enchant armour {unknown}
 m - a scroll of summoning {unknown}
 n - 2 scrolls of identify {unknown}
 t - a scroll of immolation {unknown}
 v - a scroll of poison {unknown}
 x - a scroll of amnesia {unknown}
Potions
 e - 3 potions of degeneration {unknown}
 i - 2 potions of attraction {unknown}
 o - a potion of magic {unknown}
 q - 2 potions of curing {unknown}
 s - 2 potions of brilliance {unknown}


   Skills:
 + Level 4.4 Fighting
 - Level 2.0 Dodging
 + Level 5.4 Unarmed Combat
 * Level 6.6 Shapeshifting


You had 7 spell levels left.
You didn't know any spells.
Your spell library contained the following spells:

 Spells                   Type           Power      Damage    Failure   Level
 Static Discharge         Conj/Air       0%         3-3/arc   43%         2
 Summon Guardian Golem    Hex/Summ       0%         N/A       67%         3
 Airstrike                Air            0%         2d(0-16)  97%         4
 Summon Lightning Spire   Summ/Air       0%         N/A       97%         4
 Orb of Destruction       Conj           0%         9d5       100%        7
 Spellforged Servitor     Conj/Summ      0%         N/A       100%        7


Dungeon Overview and Level Annotations

Branches:
Dungeon (5/15)
 Temple: D:4-7

Altars:
Hepliaklqana
Nemelex Xobeh
Sif Muna
Uskayaw
Xom
Zin
The Shining One

Annotations:
D:5 Duvessa


Innate Abilities, Weirdness & Mutations

You are a tree.
Your roots penetrate the ground, keeping you stationary.
You cannot be teleported.
You are immune to unholy pain and torment.
Your maximum health is greatly increased.
Your life essence is reduced to manifest your ancestor. (-10% HP)
You cannot wear most types of armour.
((You are amphibious.))
You can wear up to eight rings at the same time.
((Your skin changes colour to match your surroundings (Stealth+).))
((Your rubbery body absorbs attacks. (AC +1, EV +1)))
((You are camouflaged when in or above water. (Stealth+)))
((You have tentacles for arms and can constrict up to eight enemies at once.))


Message History

Duvessa is lightly wounded.
Duvessa hits you but does no damage. x2
You closely miss Duvessa.
Duvessa is lightly wounded.
Duvessa hits you with a +0 short sword!
You hit Duvessa but do no damage.
Duvessa is lightly wounded.
Duvessa hits you but does no damage. x2
You hit Duvessa but do no damage.
Duvessa is lightly wounded.
Duvessa barely misses you.
You hit Duvessa but do no damage.
Duvessa is lightly wounded.
Duvessa hits you but does no damage. Duvessa hits you with a +0 short sword.
You hit Duvessa but do no damage.
Duvessa is lightly wounded.
A water moccasin comes into view.
Duvessa hits you with a +0 short sword!
* * * LOW HITPOINT WARNING * * *
The water moccasin hisses angrily.
You hit Duvessa. Your punch misses Duvessa.
Duvessa is lightly wounded.
Duvessa hits you with a +0 short sword.
* * * LOW HITPOINT WARNING * * *
Duvessa hits you but does no damage.
You hit Duvessa but do no damage.
Duvessa is lightly wounded.
Your transformation is almost over.
Duvessa hits you but does no damage.
You hit Duvessa.
Duvessa is moderately wounded.
Duvessa hits you but does no damage. Duvessa hits you with a +0 short sword!
* * * LOW HITPOINT WARNING * * *
You hit Duvessa but do no damage.
Duvessa is moderately wounded.
Duvessa hits you but does no damage.
You hit Duvessa.
Duvessa is moderately wounded.
Duvessa hits you but does no damage. Duvessa hits you with a +0 short sword!
You die...

#...#.....#'##..........###..###.
#...#..........######.....#+#####
#...#..........#....R.....# #...
#...#..........#....#.....# +...
....###'##.....#....#.....##+####
.........#.....######............
#........#.....#....#..........).
#........+.....e....#............
#.>.##...#.....#♣...#............
######...#.....#....#............
#...#.....#....##+####......
+...#.....#....#.....'......
#...#.....#....#...(.#......
#...#.....#....'.....#......
#...#.....#....#.....#####..
#...#.....#'########### #..
#...#.................# #..


You could see Duvessa (berserk).

Vanquished Creatures
  A black bear (D:4)
  2 kobold brigands (D:5)
  A bullfrog (D:5)
  2 orc priests (D:3)
  Jessica (D:2)
  An iguana (D:4)
  A sleepcap (D:4)
  An orc wizard (D:3)
  8 adders
  A worm (D:2)
  9 orcs
  8 ball pythons
  4 endoplasms
  7 giant cockroaches
  6 goblins
  11 hobgoblins
  3 quokkas (D:2)
  6 bats
  4 frilled lizards
  10 kobolds
  3 rats
90 creatures vanquished.

Vanquished Creatures (collateral kills)
  A steam dragon (D:5)
  A black bear (D:5)
  Dowan (D:5)
  A hound (D:4)
  2 ufetubi (D:5)
  A hobgoblin (D:4)
  2 kobolds (D:5)
  A frilled lizard (D:4)
10 creatures vanquished.

Vanquished Creatures (others)
  3 battlemagi (D:5)
3 creatures vanquished.

Grand Total: 103 creatures vanquished

Notes
Turn   | Place    | Note
-------+----------+-------------------------------------------
     0 | D:1      | LeprechaunX the Octopode Shapeshifter began the quest for
                  | the Orb.
     0 | D:1      | Reached XP level 1. HP: 13/13 MP: 1/1
   129 | D:1      | Reached XP level 2. HP: 18/18 MP: 2/2
   729 | D:2      | Reached XP level 3. HP: 23/23 MP: 3/3
   872 | D:2      | Reached XP level 4. HP: 6/29 MP: 4/4
  1333 | D:2      | Noticed Jessica
  1340 | D:2      | Killed Jessica
  1341 | D:2      | Reached skill level 4 in Shapeshifting
  1477 | D:3      | Noticed a +0 short sword
  1484 | D:3      | Noticed a +0 short sword
  1485 | D:3      | Noticed a +0 spear
  1485 | D:3      | Noticed a +0 falchion
  1485 | D:3      | Noticed a +0 dagger
  1485 | D:3      | Noticed a +0 falchion
  1488 | D:3      | Noticed a +0 spear
  1489 | D:3      | Noticed a +0 dagger
  1493 | D:3      | Found a hide-covered altar of Uskayaw.
  1607 | D:3      | Reached XP level 5. HP: 34/34 MP: 5/5
  1896 | D:3      | Found a faded altar of an unknown god.
  1899 | D:3      | Found a shimmering blue altar of Sif Muna.
  1984 | D:3      | Reached XP level 6. HP: 33/41 MP: 6/6
  2188 | D:3      | Prayed at the altar of an unknown god.
  2188 | D:3      | Became a worshipper of Hepliaklqana the Forgotten
  2188 | D:3      | Reached * piety under Hepliaklqana
  2614 | D:4      | Reached skill level 5 in Shapeshifting
  2833 | D:4      | Noticed a black bear
  2839 | D:4      | Killed a black bear
  2999 | D:4      | Reached XP level 7. HP: 40/41 MP: 7/7
  3009 | D:4      | Found a glowing golden altar of the Shining One.
  3009 | D:4      | Found a shimmering altar of Xom.
  3010 | D:4      | Found a glowing silver altar of Zin.
  3014 | D:4      | Found a hazy altar of Hepliaklqana.
  3086 | D:5      | Entered Level 5 of the Dungeon
  3099 | D:5      | Reached ** piety under Hepliaklqana
  3100 | D:5      | Remembered your ancestor Decima as a battlemage
  3460 | D:5      | Reached skill level 5 in Unarmed Combat
  3488 | D:5      | Reached skill level 6 in Shapeshifting
  3692 | D:5      | Found a sparkling altar of Nemelex Xobeh.
  3728 | D:5      | Noticed Dowan
  3736 | D:5      | Noticed a steam dragon
  3736 | D:5      | Killed Dowan
  3903 | D:5      | Killed a steam dragon
  3904 | D:5      | Reached XP level 8. HP: 48/48 MP: 8/8
  3970 | D:5      | Noticed Duvessa
  4001 | D:5      | Slain by Duvessa

Illustrated notes

Levels and vault maps discovered:
D:1:      dpeg_arrival_lava_altar, layout_loops_ring
D:2:      layout_rooms, uniq_jessica
D:3:      layout_loops_cross, nicolae_uskayaw_en_pointe,
          nicolae_overflow_ecumenical_swirl, grunt_ministairs_9
D:4:      layout_basic, minitemple, minmay_lizard_king
D:5:      cheibrodos_fertilizer, layout_gridville, lemuel_round_altar,
          uniq_duvessa

Skill      XL: |  1  2  3  4  5  6  7 |
---------------+----------------------+-----
Fighting       | 2 3 4 |  4.4
Shapeshifting  | 4 5 6 |  6.6
Unarmed Combat | 4 5 |  5.4
Dodging        | |  2.0

Action                     |  1- 3 |  4- 6 |  7- 9 || total
---------------------------+-------+-------+-------++-------
  Melee: Unarmed           |    31 |       |       ||    31
         Constrict         |    13 |    29 |     9 ||    51
         Tentacles         |    11 |    28 |     6 ||    45
         Dagger            |    40 |   110 |    40 ||   190
         Punch             |       |     4 |     2 ||     6
   Fire: Sling             |       |       |     2 ||     2
 Invoke: Recall Ancestor   |       |     1 |       ||     1
         Ancestor Life: Ba |       |       |     1 ||     1
    Use: Potion            |       |       |     1 ||     1
   Stab: Sleeping          |    12 |    11 |     1 ||    24
         Distracted        |     1 |       |     1 ||     2
 Armour: Skin              |    30 |    40 |    48 ||   118
  Dodge: Dodged            |    38 |    60 |    27 ||   125

Table legend: (Time is in decaauts)
 A = Elapsed time spent in this place.
 B = Non-inter-level travel time spent in this place.
 C = Inter-level travel time spent in this place.
 D = Time resting spent in this place.
 E = Time spent auto-exploring this place.
 F = Levels seen in this place.
 G = Mean time per level.
                   A        B        C        D        E       F      G
               +--------+--------+--------+--------+--------+-----+--------+
         Total |   3998 |   3800 |    198 |    364 |   2684 |   5 |  799.6 |
       Dungeon |   3998 |   3800 |    198 |    364 |   2684 |   5 |  799.6 |
               +--------+--------+--------+--------+--------+-----+--------+

Top non-repeatable levels by time:
     D:4: 1059 daAuts
     D:2: 799 daAuts
     D:3: 761 daAuts
     D:5: 705 daAuts
     D:1: 672 daAuts
